 Dungeon Crawl Stone Soup version 0.28-a0-413-gde365fb1df (webtiles) character file.

Game seed: 12470687707484333558

70 chris0x the Grave Robber (level 4, 0/24 HPs)
             Began as a Gargoyle Necromancer on Sept 7, 2021.
             Slain by Sigmund (10 damage)
             ... on level 2 of the Dungeon.
             The game lasted 00:07:13 (2392 turns).

chris0x the Grave Robber (Gargoyle Necromancer)     Turns: 2392, Time: 00:07:13

Health: 0/24       AC:  5    Str: 11    XL:     4   Next: 22%
Magic:  1/7        EV: 11    Int: 17    God:
Gold:   27         SH:  3    Dex: 10    Spells: 5/7 levels left

rFire   . . .      SeeInvis .   i - +0 flail
rCold   . . .      Faith    .   h - +0 buckler
rNeg    + . .      Spirit   .   a - +0 robe
rPois   ∞          Reflect  .   (no helmet)
rElec   +          Harm     .   (no cloak)
rCorr   .          Rampage  .   (no gloves)
Will    .....                   (no boots)
Stlth   ++........              (no amulet)
HPRegen 0.08/turn               (no ring)
MPRegen 0.10/turn               (no ring)

@: no status effects
A: sickness immunity, AC +3, negative energy resistance 1, electricity
resistance, torment resistance 1, petrification resistance
a: no special abilities


You were on level 2 of the Dungeon.
You visited 1 branch of the dungeon, and saw 2 of its levels.

You collected 27 gold pieces.

Inventory:

Hand Weapons
 i - a +0 flail (weapon)
Missiles
 b - 38 arrows
 d - 9 bolts
 g - 44 stones
Armour
 a - a +0 robe (worn)
 f - a +0 scale mail
 h - a +0 buckler (worn)
Scrolls
 c - a scroll of identify
Potions
 e - a potion of might


   Skills:
 + Level 0.8 Fighting
 + Level 0.0 Maces & Flails
 + Level 0.5 Armour
 * Level 1.9 Dodging
 * Level 2.9 Stealth
 + Level 0.6 Shields
 * Level 2.3 Spellcasting
 * Level 3.9 Necromancy


You had 5 spell levels left.
You knew the following spells:

 Your Spells              Type           Power      Damage    Failure   Level
a - Pain                  Necr           60%        1d7       6%          1
b - Animate Skeleton      Necr           30%        N/A       6%          1

Your spell library contained the following spells:

 Spells                   Type           Power      Damage    Failure   Level
 Vampiric Draining        Necr           7%         2d7       17%         3
 Animate Dead             Necr           7%         N/A       50%         4
 Agony                    Necr           15%        N/A       85%         5


Dungeon Overview and Level Annotations

Branches:
Dungeon (2/15)

Altars:
Yredelemnul
Beogh

Shops:
D:1 [

Annotations:
D:2 Sigmund


Innate Abilities, Weirdness & Mutations

You are immune to sickness and miasma.
Your stone body is resilient. (AC +3)
You are immune to poison.
You resist negative energy. (rN+)
You are resistant to electric shocks. (rElec)
You are resistant to unholy torment.
You are immune to petrification.


Message History

a +0 short sword; an orc corpse
Casting: Pain (safe; 6% risk of failure)
Confirm with . or Enter, or press ? or * to list all spells.
You attempt to give life to the dead...
Before your eyes, flesh is ripped from the corpse!
The dead are walking!
The orc shouts!
Casting: Animate Skeleton (safe; 6% risk of failure)
Confirm with . or Enter, or press ? or * to list all spells.
Aiming: Pain (safe; 6% risk of failure)
Press: ? - help, Shift-Dir - straight line, f - ball python
Aim: a ball python (ally target, chance to affect: 85%)
The ball python writhes in agony.
The ball python bites your orc skeleton.
The ball python grabs your orc skeleton.
The ball python constricts your orc skeleton.
Sigmund mumbles some strange words.
Sigmund flickers and vanishes!
Deactivating autopickup; reactivate with Ctrl-A.
The ball python loses its grip on your orc skeleton.
Your orc skeleton misses the ball python.
Casting: Pain (safe; 6% risk of failure)
Confirm with . or Enter, or press ? or * to list all spells.
Aiming: Pain (safe; 6% risk of failure)
Press: ? - help, Shift-Dir - straight line, f/p - ball python
Aim: a ball python (severely wounded, ally target, chance to affect: 85%)
The ball python writhes in agony!
You kill the ball python!
The orc hits your orc skeleton with a +0 flail.
Your orc skeleton closely misses the orc.
The orc hits your orc skeleton with a +0 flail!
Your orc skeleton is destroyed!
Something hits you!
You see here a ball python corpse.
Casting: Pain (safe; 6% risk of failure)
Confirm with . or Enter, or press ? or * to list all spells.
You attempt to give life to the dead...
Before your eyes, flesh is ripped from the corpse!
The dead are slithering!
Something hits you!
You die...

.....##.....
....#......
...........
.......#§#
###+⌠.....≈§≈
#....{....#§#
#.#..........
#.#Z@o# #.....## #
#.....)# #..
#......#
.....###......####
...>.......#.....#
.....#####.#######
#.. #.# # #.#


You could see an orc (ally target) and a friendly ball python skeleton.

Vanquished Creatures
  An adder (D:2)
  2 gnolls (D:2)
  2 orcs (D:2)
  5 endoplasms
  5 giant cockroaches
  2 goblins
  4 hobgoblins (D:1)
  2 quokkas (D:1)
  6 ball pythons
  3 bats
  A kobold (D:1)
  2 rats (D:1)
35 creatures vanquished.

Vanquished Creatures (collateral kills)
  An endoplasm (D:1)
1 creature vanquished.

Vanquished Creatures (others)
  15 plants (D:2)
15 creatures vanquished.

Grand Total: 51 creatures vanquished

Notes
Turn   | Place    | Note
-------+----------+-------------------------------------------
     0 | D:1      | chris0x the Gargoyle Necromancer began the quest for the
                  | Orb.
     0 | D:1      | Reached XP level 1. HP: 10/10 MP: 3/3
   306 | D:1      | Learned a level 1 spell: Animate Skeleton
   402 | D:1      | Reached XP level 2. HP: 15/15 MP: 1/5
   946 | D:1      | Found Kin Ottai's Antique Armour Emporium.
  1085 | D:1      | Reached XP level 3. HP: 18/19 MP: 4/6
  1687 | D:2      | Found a basalt altar of Yredelemnul.
  1923 | D:2      | Reached XP level 4. HP: 7/24 MP: 3/7
  2366 | D:2      | Noticed Sigmund
  2392 | D:2      | Slain by Sigmund

Illustrated notes

Levels and vault maps discovered:
D:1:      dpeg_cavernosity, layout_basic, serial_shops,
          nicolae_shop_behind_doors, minmay_pentomino_v2
D:2:      layout_loops_corners, hellmonk_ecumenical_altar_defaced_shrine,
          serial_forest, infiniplex_forest_3_way,
          infiniplex_forest_clump_double, infiniplex_forest_side_room,
          infiniplex_forest_split, infiniplex_forest_lined_2,
          infiniplex_forest_clump_cross, infiniplex_forest_lined_3_way,
          basic_altar, uniq_sigmund, uniq_jessica

Action                   |  1- 3 |  4- 6 || total
-------------------------+-------+-------++-------
Melee: Unarmed           |     9 |       ||     9
       Flail             |       |    11 ||    11
 Cast: Pain              |    55 |     6 ||    61
       Animate Skeleton  |     6 |     3 ||     9
  Use: Scroll            |     1 |       ||     1
       Potion            |     1 |       ||     1
Armor: Robe              |     3 |    12 ||    15
Dodge: Dodged            |    12 |    16 ||    28
Block: Buckler           |       |     4 ||     4

Table legend: (Time is in decaauts)
 A = Elapsed time spent in this place.
 B = Non-inter-level travel time spent in this place.
 C = Inter-level travel time spent in this place.
 D = Time resting spent in this place.
 E = Time spent auto-exploring this place.
 F = Levels seen in this place.
 G = Mean time per level.
                   A        B        C        D        E       F      G
               +--------+--------+--------+--------+--------+-----+--------+
         Total |   2396 |   2379 |     17 |    285 |   1697 |   2 | 1198.0 |
       Dungeon |   2396 |   2379 |     17 |    285 |   1697 |   2 | 1198.0 |
               +--------+--------+--------+--------+--------+-----+--------+

Top non-repeatable levels by time:
     D:1: 1547 daAuts
     D:2: 849 daAuts
